 Dungeon Crawl Stone Soup version 0.23.1-37-gaa34b87 (webtiles) character file.

Game seed: 14738802203817744022

481 night the Sneak (level 7, -14/40 HPs)
             Began as a Gargoyle Assassin on Mar 26, 2019.
             Demolished by a two-headed ogre
             ... wielding a +0 giant club
              (20 damage)
             ... on level 4 of the Dungeon.
             The game lasted 00:08:29 (3484 turns).

night the Sneak (Gargoyle Assassin)                 Turns: 3484, Time: 00:08:29

Health: -14/40     AC:  8    Str: 15    XL:     7   Next: 12%
Magic:  7/7        EV: 12    Int: 18    God:
Gold:   99         SH:  3    Dex: 11    Spells: 6/6 levels left

rFire    . . .     SeeInvis .   l - +2 dagger (vamp)
rCold    . . .     Gourm    .   u - +0 buckler
rNeg     + . .     Faith    .   c - +0 robe
rPois    ∞         Spirit   .   t - +0 helmet
rElec    +         Reflect  .   d - +0 cloak
rCorr    .         Harm     .   (no gloves)
MR       .....                  (no boots)
Stlth    +++.......             (no amulet)
HPRegen  0.13/turn              i - +5 ring of intelligence (curse)
MPRegen  0.10/turn              (no ring)

@: no status effects
A: negative energy resistance 1, electricity resistance, unbreathing,
petrification resistance, rot immunity, AC +4
a: no special abilities


You were on level 4 of the Dungeon.
You were hungry.

You visited 2 branches of the dungeon, and saw 5 of its levels.

You collected 99 gold pieces.

Inventory:

Hand Weapons
 a - a +2 dagger
 b - a +0 blowgun
 l - a +2 vampiric dagger (weapon)
 v - a +0 falchion
 y - a +0 hunting sling
Missiles
 e - 8 poisoned needles
 f - 2 curare-tipped needles
 z - 48 stones (quivered)
 C - 15 bolts
Armour
 c - a +0 robe (worn)
 d - a +0 cloak (worn)
 t - a +0 helmet (worn)
 u - a +0 buckler (worn)
Jewellery
 g - an uncursed ring of fire
 i - a cursed +5 ring of intelligence (left hand)
Scrolls
 h - a scroll of blinking {unknown}
 k - 3 scrolls of teleportation {unknown}
 m - 2 scrolls of noise {unknown}
 p - 3 scrolls of identify {unknown}
 w - a scroll of immolation {unknown}
 x - a scroll of enchant armour {unknown}
 A - 2 scrolls of remove curse {unknown}
 D - a scroll of fog {unknown}
Potions
 n - 2 potions of haste
 o - a potion of heal wounds
 q - 2 potions of flight {unknown}
 r - a potion of degeneration {unknown}
 B - a potion of lignification {unknown}
 E - a potion of brilliance {unknown}
Comestibles
 s - 6 rations


   Skills:
 - Level 2.1 Fighting
 + Level 3.6 Short Blades
 - Level 1.7 Throwing
 - Level 2.9 Dodging
 * Level 7.6 Stealth
 + Level 0.0 Shields


You had 6 spell levels left.
You didn't know any spells.
Your spell library was empty.

Dungeon Overview and Level Annotations

Branches:
Dungeon (4/15)             Temple (1/1) D:4

Altars:
Cheibriados
Elyvilon
Hepliaklqana
Kikubaaqudgha
Nemelex Xobeh
Okawaru
Qazlal
Ru
Sif Muna
Trog
Uskayaw
Xom
Zin


Innate Abilities, Weirdness & Mutations

You are resistant to torment.
Your stone body is resilient. (AC +4)
You are immune to poison.
You resist negative energy. (rN+)
You are resistant to electric shocks. (rElec)
You can survive without breathing.
You are immune to petrification.
You are immune to rotting.


Message History

The helpless two-headed ogre fails to defend itself.
You skewer the two-headed ogre like a kebab!!!
The two-headed ogre is severely wounded.
The two-headed ogre hits you with a +0 giant club!
You block the two-headed ogre's attack.
You hit the two-headed ogre.
You feel better.
The two-headed ogre is severely wounded.
You barely miss the two-headed ogre.
The two-headed ogre is severely wounded.
The two-headed ogre completely misses you.
The two-headed ogre hits you with a +0 giant spiked club!!
* * * LOW HITPOINT WARNING * * *
You are too injured to fight recklessly!
You hit the two-headed ogre.
You feel better.
The two-headed ogre is severely wounded.
You hit the two-headed ogre but do no damage.
The two-headed ogre is severely wounded.
The two-headed ogre hits you with a +0 giant club!!
Ouch! That really hurt!
You die...

...#...#...#)........#
....#.....#...........
.#####.>.#####........
....#.....#...........
...#...#...#..........
......###....####.###.
.....#.#.#..## .#
.#.....#...######.#.#
.#.....#........@O..#
.#.#......#######...#
.#....#...# ...#
.##..##.#.# ####
........#.#
##..#####.. #.. #.


You could see a two-headed ogre.

Vanquished Creatures
  Grinder (D:3)
  A hungry ghost (D:3)
  A scorpion (D:3)
  5 adders
  2 dart slugs
  A worm (D:2)
  2 leopard geckos
  An orc (D:4)
  3 giant cockroaches
  11 goblins
  6 hobgoblins
  10 bats
  5 frilled lizards
  7 kobolds
  10 rats
66 creatures vanquished.

Vanquished Creatures (others)
  A human (D:3)
1 creature vanquished.

Grand Total: 67 creatures vanquished

Notes
Turn   | Place    | Note
-------+----------+-------------------------------------------
     0 | D:1      | night the Gargoyle Assassin began the quest for the Orb.
     0 | D:1      | Reached XP level 1. HP: 12/12 MP: 1/1
   317 | D:1      | Reached skill level 1 in Dodging
   330 | D:1      | Reached XP level 2. HP: 15/17 MP: 2/2
   575 | D:1      | Reached skill level 5 in Stealth
   672 | D:1      | Reached XP level 3. HP: 21/21 MP: 3/3
  1704 | D:2      | Reached XP level 4. HP: 18/26 MP: 4/4
  1965 | D:3      | Noticed a hungry ghost
  1978 | D:3      | Killed a hungry ghost
  1978 | D:3      | Reached skill level 6 in Stealth
  1978 | D:3      | Reached XP level 5. HP: 28/30 MP: 5/5
  2239 | D:3      | Reached XP level 6. HP: 25/35 MP: 6/6
  2410 | D:3      | Found an ancient bone altar of Kikubaaqudgha.
  2410 | D:3      | Noticed a human
  2412 | D:3      | Noticed Grinder
  2425 | D:3      | Paralysed by Grinder for 4 turns
  2443 | D:3      | Killed a human
  2450 | D:3      | Paralysed by Grinder for 3 turns
  2463 | D:3      | Killed Grinder
  2463 | D:3      | Reached skill level 7 in Stealth
  2463 | D:3      | Reached XP level 7. HP: 23/40 MP: 7/7
  3311 | D:4      | Found a staircase to the Ecumenical Temple.
  3320 | Temple   | Entered the Ecumenical Temple
  3473 | D:4      | Noticed a two-headed ogre
  3484 | D:4      | Demolished by a two-headed ogre

Skill      XL: |  1  2  3  4  5  6 |
---------------+-------------------+-----
Dodging        | 1 2 |  2.9
Short Blades   | 2 3 |  3.6
Stealth        | 5 6 7 |  7.6
Fighting       | |  2.1
Throwing       | |  1.7

Action                   |  1- 3 |  4- 6 |  7- 9 || total
-------------------------+-------+-------+-------++-------
Melee: Dagger            |   152 |   103 |    42 ||   297
  Use: Potion            |       |     2 |       ||     2
 Stab: Sleeping          |     6 |     2 |     5 ||    13
  Eat: Ration            |     1 |       |       ||     1
       Chunk             |     4 |     4 |     3 ||    11
Armor: Robe              |    55 |    30 |    10 ||    95
Dodge: Dodged            |    85 |    28 |    26 ||   139
Block: Buckler           |     2 |     9 |     6 ||    17
